 Dungeon Crawl Stone Soup version 0.31.0-32-g396128a36d (webtiles) character file.

Game seed: 8747241394190211721

714 Peloso the Covered (level 7, 0/60 HPs)
             Began as a Minotaur Fighter on Apr 16, 2024.
             Slain by Pikel
             ... wielding a +1 whip of flaming
              (1 damage)
             ... on level 4 of the Dungeon.
             The game lasted 00:05:46 (3338 turns).

Peloso the Covered (Minotaur Fighter)               Turns: 3338, Time: 00:05:46

Health: 0/60       AC: 10    Str: 20    XL:     7   Next: 41%
Magic:  6/6        EV: 10    Int:  5    God:
Gold:   260        SH:  5    Dex: 12    Spells: 6/6 levels left

rFire   . . .        a - +0 long sword
rCold   . . .        c - +0 buckler
rNeg    . . .        b - +1 scale mail
rPois   .            (helmet restricted)
rElec   .            o - +0 cloak
rCorr   .            (no gloves)
SInv    .            (no boots)
Will    .....        (no amulet) Stlth
                     (no ring)
HPRegen 0.30/turn    (no ring)
MPRegen 0.10/turn

%: no passive effects
@: no status effects
A: horns 2, retaliatory headbutt
a: no special abilities


You were on level 4 of the Dungeon.
You visited 1 branch of the dungeon, and saw 4 of its levels.

You collected 260 gold pieces.

Inventory:

Hand Weapons
 a - a +0 long sword (weapon)
Armour
 b - a +1 scale mail (worn)
 c - a +0 buckler (worn)
 j - a +0 scale mail of cold resistance
 o - a +0 cloak (worn)
Jewellery
 p - an amulet of the acrobat
Talismans
 i - a storm talisman
Scrolls
 g - 2 scrolls of amnesia
 h - a scroll of immolation {unknown}
 m - a scroll of fear {unknown}
 n - a scroll of revelation
Potions
 d - 2 potions of might
 k - a potion of ambrosia
 l - 2 potions of magic


   Skills:
 + Level 4.9 Fighting
 + Level 6.2 Long Blades
 + Level 6.7 Armour
 + Level 1.9 Dodging
 + Level 5.1 Shields


You had 6 spell levels left.
You didn't know any spells.
Your spell library contained the following spells:

 Spells                   Type           Power      Damage    Failure   Level
 Freeze                   Ice            0%         1d3       86%         1
 Sublimation of Blood     Necr           0%         N/A       95%         2
 Frozen Ramparts          Ice            0%         1d1       99%         3
 Hailstorm                Conj/Ice       0%         3d5       99%         3
 Petrify                  Alch/Erth      0%         N/A       100%        4
 Irradiate                Conj/Alch      0%         3d11      100%        5


Dungeon Overview and Level Annotations

Branches:
Dungeon (4/15)
 Temple: D:4-7

Altars:
Yredelemnul

Annotations:
D:4 Pikel


Innate Abilities, Weirdness & Mutations

You have a pair of horns on your head.
You reflexively headbutt those who attack you in melee.


Message History

You headbutt the lemure. You barely miss Pikel.
Pikel is moderately wounded.
Pikel hits you but does no damage. The lemure closely misses you.
Unknown command.
You closely miss Pikel.
Pikel is moderately wounded.
Pikel hits you but does no damage. The lemure hits you!
Unknown command.
You hit Pikel but do no damage.
Pikel is moderately wounded.
Pikel hits you with a +1 whip of flaming.
Pikel burns you. The lemure hits you.
Pikel hits you with a +1 whip of flaming.
* * * LOW HITPOINT WARNING * * *
Pikel burns you.
* * * LOW HITPOINT WARNING * * *
You barely miss Pikel.
Pikel is moderately wounded.
The lemure hits you but does no damage. The orc misses you.
Pikel barely misses you.
Unknown command.
You feel better. The lemure hits you. You block the orc's attack.
Pikel hits you with a +1 whip of flaming.
Pikel burns you.
You hit the orc but do no damage. The lemure barely misses you.
You furiously retaliate!
You headbutt the lemure! The orc misses you.
Pikel hits you with a +1 whip of flaming!
* * * LOW HITPOINT WARNING * * *
Pikel burns you.
* * * LOW HITPOINT WARNING * * *
Unknown command.
You barely miss the orc. Your headbutt misses the orc.
You block the lemure's attack. The orc hits you with a +0 war axe!
* * * LOW HITPOINT WARNING * * *
Pikel hits you with a +1 whip of flaming.
* * * LOW HITPOINT WARNING * * *
Pikel burns you.
You die...
Pikel says, "See you in Hell!"

##########
#○..°○○.○###
#..°.......##
##○.)○°......##
#...°..○.°....#
#°.5.°°○......##
##@K..°........##
#°o○...........#
########°......#
#......##
#......# #......#
#......# #.....
#......# #..oo.
#.....##


You could see Pikel, a lemure and an orc.

Vanquished Creatures
  Edmund (D:4)
  Duvessa (D:4)
  3 lemures
  Dowan (D:4)
  A howler monkey (D:4)
  A sleepcap (D:4)
  Jessica (D:2)
  2 scorpion zombies (D:3)
  Natasha (thrice) (D:3)
  An orc wizard (D:3)
  Robin (D:2)
  8 gnolls
  6 adders
  An adder zombie (D:3)
  A dart slug (D:3)
  A ribbon worm (D:4)
  4 orcs
  6 bats
  2 endoplasms
  A giant cockroach (D:3)
  8 goblins
  3 hobgoblins
  6 kobolds
  2 quokkas (D:1)
  9 ball pythons
  3 frilled lizards (D:1)
  A quokka zombie (D:3)
  5 rats
83 creatures vanquished.

Notes
Turn   | Place    | Note
-------+----------+-------------------------------------------
     0 | D:1      | Peloso the Minotaur Fighter began the quest for the Orb.
     0 | D:1      | Reached XP level 1. HP: 19/19 MP: 0/0
   149 | D:1      | Reached XP level 2. HP: 27/27 MP: 1/1
   403 | D:1      | Reached XP level 3. HP: 33/33 MP: 2/2
   869 | D:2      | Noticed Jessica
   873 | D:2      | Reached XP level 4. HP: 21/40 MP: 3/3
   899 | D:2      | Killed Jessica
  1202 | D:2      | Noticed Robin
  1205 | D:2      | Killed Robin
  1206 | D:2      | Reached skill level 1 in Dodging
  1206 | D:2      | Reached XP level 5. HP: 47/47 MP: 4/4
  1423 | D:2      | Found a faded altar of an unknown god.
  1889 | D:3      | Noticed Natasha
  1894 | D:3      | Killed Natasha
  1957 | D:3      | Found a basalt altar of Yredelemnul.
  1965 | D:3      | Reached skill level 5 in Long Blades
  1981 | D:3      | Reached skill level 5 in Armour
  1981 | D:3      | Reached XP level 6. HP: 53/53 MP: 5/5
  2226 | D:3      | Noticed Natasha
  2234 | D:3      | Killed Natasha
  2620 | D:3      | Noticed Natasha
  2630 | D:3      | Killed Natasha
  2643 | D:4      | Noticed Pikel
  2881 | D:4      | Noticed Dowan
  2897 | D:4      | Killed Dowan
  2903 | D:4      | Noticed Duvessa
  2916 | D:4      | Killed Duvessa
  2917 | D:4      | Reached XP level 7. HP: 16/60 MP: 6/6
  3130 | D:4      | Reached skill level 5 in Shields
  3169 | D:4      | Noticed Edmund
  3188 | D:4      | Killed Edmund
  3338 | D:4      | HP: 3/60 [orc/+0 war axe (7)]
  3338 | D:4      | HP: 1/60 [Pikel/+1 whip of flaming (2)]
  3338 | D:4      | Slain by Pikel

Illustrated notes

Levels and vault maps discovered:
D:1:      giann_bridges, layout_basic
D:2:      layout_loops_ring, hellmonk_ecumenical_altar_leap_of_faith,
          uniq_robin, uniq_jessica
D:3:      layout_loops_corners, nicolae_yredelemnul_corpse_copse,
          kennysheep_crisscross, uniq_natasha
D:4:      layout_cave_pods, temple_green, serial_library_hellmonk_h_bend,
          kennysheep_generic_room_8, uniq_edmund, uniq_duvessa, uniq_pikel

Skill      XL: |  1  2  3  4  5  6  7 |
---------------+----------------------+-----
Armour         | 4 5 6 |  6.7
Fighting       | 4 |  4.9
Shields        | 4 5 |  5.1
Long Blades    | 3 5 6 |  6.2
Dodging        | 1 |  1.9

Action                     |  1- 3 |  4- 6 |  7- 9 || total
---------------------------+-------+-------+-------++-------
  Melee: Long sword        |    85 |   133 |    40 ||   258
         Headbutt          |    11 |    27 |     9 ||    47
    Use: Scroll            |     2 |     3 |     2 ||     7
         Potion            |       |     3 |     1 ||     4
 Armour: Scale mail        |    84 |    94 |    43 ||   221
  Dodge: Dodged            |    61 |    82 |    20 ||   163
  Block: Buckler           |    24 |    25 |    15 ||    64
